 Dungeon Crawl Stone Soup version 0.17-a0-1150-g17b0b87 (webtiles) character file.

820 Siberianwolf the Skirmisher (level 8, -29/62 HPs)
             Began as a Human Chaos Knight on May 27, 2015.
             Annihilated by a hill giant
             ... wielding a +0 giant club
              (30 damage)
             ... on level 8 of the Dungeon.
             The game lasted 00:23:22 (1985 turns).

Siberianwolf the Skirmisher (Human Chaos Knight)    Turns: 1985, Time: 00:23:23

Health: -29/62     AC:  7    Str: 14    XL:     8   Next: 16%
Magic:  8/8        EV: 12    Int: 13    God:    Xom [..*...]
Gold:   137        SH:  6    Dex: 13    Spells: 0 memorised, 7 levels left

rFire  + . .     SeeInvis .     a - +0 falchion (chaos)
rCold  x . .     Clarity  .     b - +2 leather armour
rNeg   . . .     SustAt   .     m - +2 buckler
rPois  .         Gourm    .     (no helmet)
rElec  .         Spirit   .     x - +0 cloak
rCorr  .         Warding  .     (no gloves)
rMut   .         Stasis   .     s - +0 pair of boots
MR     .....                    (no amulet)
Stlth  ++........               (no ring)
                                A - ring of fire

@: not resistant to hostile enchantments, unstealthy
A: no striking features
a: Renounce Religion


You were on level 8 of the Dungeon.
You worshipped Xom.
You were a toy of Xom.
You were not hungry.

You visited 1 branch of the dungeon, and saw 7 of its levels.

You collected 137 gold pieces.

Inventory:

Hand weapons
 a - a +0 falchion of chaos (weapon)
 p - a cursed -3 short sword
 t - a +0 antimagic spear
Missiles
 f - 29 bolts
Armour
 b - a +2 leather armour (worn)
 m - a +2 buckler (worn)
 s - a +0 pair of boots (worn)
 v - the +1 robe of Gill {rElec Int+7, unknown}
   (You found it on level 5 of the Dungeon)

   It affects your intelligence (+7).
   It insulates you from electricity.
 x - a +0 cloak (worn)
 z - a +0 robe of resistance
Jewellery
 A - a ring of fire (left hand)
Magical devices
 r - a wand of draining (5)
Scrolls
 h - a scroll of remove curse
 k - a scroll of immolation
 u - a scroll of recharging {unknown}
 y - a scroll of amnesia
Potions
 d - a potion of haste {unknown}
 e - 2 potions of curing
 i - a potion of flight {unknown}
 l - 2 potions of agility {unknown}
 n - a potion of cure mutation {unknown}
 o - a potion of degeneration {unknown}
 q - 2 potions of lignification {unknown}
Comestibles
 c - a bread ration
 w - a meat ration


   Skills:
 + Level 5.3 Fighting
 + Level 5.1 Long Blades
 + Level 3.0 Armour
 + Level 3.4 Dodging
 + Level 3.8 Stealth
 + Level 1.8 Shields


You had 7 spell levels left.
You didn't know any spells.

Dungeon Overview and Level Annotations

Branches:
Dungeon (8/15)
 Temple: D:4-7         Lair: D:8-11

Altars:
Ashenzari
Fedhas
Qazlal


Message History

Zapping:
r - a wand of draining {zapped: 5} (will waste charges)
Press: ? - help, Shift-Dir - straight line, f - hill giant
Aim: a hill giant, wielding a giant club The bolt of negative energy hits the hill giant.
The hill giant is drained!
The hill giant is lightly wounded.
Evoking this partially-identified wand wasted a few charges.
Read which item? (? for menu, Esc to quit)
As you read the scroll labeled AROV RURUWK, it crumbles to dust.
The scroll dissolves into smoke.
It was a scroll of fog.
You hit the hill giant.
The hill giant flickers and vanishes!
Deactivating autopickup; reactivate with Ctrl-A.
Something hits you!
You hit something. Something hits you!!
* * * LOW HITPOINT WARNING * * *
Xom roars with laughter!
You hit something. You burn something. You hit something. Something hits you!!
You die...
Xom is highly amused!

######## ## #......##
#. ##.>.....# #.
#....§...# ### #
#...§§§§# ..# #
#...§§§§#### ..# #
#...§{@§§>.###.# ####
#...§§§###....######...
#....§§§#
####........##
##.....## ###..#####
#..... #..# #....# #..#
#...# ...# #..# ....#
.....#


There were no monsters in sight!

Vanquished Creatures
  A harpy (D:7)
  Sigmund (D:2)
  A slave (D:7)
  2 hounds (D:5)
  An orc wizard (D:7)
  A crimson imp (D:5)
  2 giant frog skeletons
  Terence (D:3)
  A worker ant (D:5)
  A gnoll (D:5)
  2 adders
  An ooze (D:3)
  A worm (D:2)
  2 giant geckos
  8 orcs
  3 giant cockroaches
  2 goblins
  4 hobgoblins
  10 bats
  4 giant newts
  2 jackals (D:3)
  2 kobolds
  3 rats
56 creatures vanquished.

Vanquished Creatures (collateral kills)
  A slave (D:7)
  A hound (D:5)
  A quokka (D:5)
  A bat (D:5)
  A goblin (D:7)
5 creatures vanquished.

Grand Total: 61 creatures vanquished

Notes
Turn   | Place    | Note
--------------------------------------------------------------
     0 | D:1      | Siberianwolf the Human Chaos Knight began the quest for the Orb.
     0 | D:1      | Reached XP level 1. HP: 18/18 MP: 1/1
    96 | D:1      | XOM: silly message
   121 | D:1      | XOM: silly message
   229 | D:1      | Reached XP level 2. HP: 16/24 MP: 2/2
   287 | D:1      | XOM: mild Necr miscast
   347 | D:2      | Found a stormy altar of Qazlal.
   347 | D:2      | Noticed Sigmund
   360 | D:2      | Killed Sigmund
   360 | D:2      | Reached skill level 4 in Fighting
   360 | D:2      | Reached skill level 1 in Stealth
   360 | D:2      | Reached XP level 3. HP: 28/30 MP: 3/3
   360 | D:2      | Reached XP level 4. HP: 34/37 MP: 4/4
   360 | D:2      | Reached XP level 5. HP: 38/42 MP: 5/5
   685 | D:2      | XOM: divination: magic mapping
   766 | D:2      | XOM: harmless Necr miscast
   823 | D:2      | XOM: harmless Trmt miscast
   848 | D:2      | XOM: harmless Trmt miscast
   929 | D:3      | Reached XP level 6. HP: 46/49 MP: 6/6
   978 | D:3      | Noticed Terence
   999 | D:3      | Killed Terence
  1090 | D:3      | XOM: silly message
  1250 | D:4      | Found a blossoming altar of Fedhas.
  1302 | D:4      | XOM: harmless Necr miscast
  1313 | D:5      | Entered Level 5 of the Dungeon
  1348 | D:5      | Got a silken robe
  1401 | D:5      | XOM: silly message
  1547 | D:5      | Found a shattered altar of Ashenzari.
  1650 | D:5      | XOM: summons 5 hostile shadow creatures
  1659 | D:5      | XOM: enchant monster (good)
  1723 | D:5      | Reached skill level 1 in Shields
  1727 | D:5      | Reached XP level 7. HP: 32/55 MP: 3/7
  1755 | D:5      | You fall through a shaft!
  1781 | D:7      | XOM: enchant monster (good)
  1866 | D:7      | Noticed Pikel
  1870 | D:7      | XOM: summons friendly white imp
  1872 | D:7      | XOM: confuse monster(s)
  1879 | D:7      | XOM: cast spell 'Dispersal'
  1898 | D:7      | Noticed Pikel
  1898 | D:7      | Pikel changed into Pikel the harpy
  1903 | D:7      | Killed Pikel the harpy
  1903 | D:7      | Reached skill level 5 in Fighting
  1903 | D:7      | Reached skill level 5 in Long Blades
  1903 | D:7      | Reached XP level 8. HP: 34/62 MP: 8/8
  1929 | D:7      | XOM: harmless Air miscast
  1975 | D:8      | Noticed a hill giant
  1983 | D:8      | HP: 1/62 [something (29)]
  1985 | D:8      | Annihilated by a hill giant

Vault maps used:
D:1:      minmay_arrival_diagonal_passages, minmay_crystal_room,
          lexackson_kobold_supper
D:2:      tso_altar, overflow_temple_1_default, lemuel_another_geyser,
          uniq_natasha, uniq_sigmund
D:3:      lightli_temple_of_fire, uniq_terence
D:4:      kennysheep_mini, amethyst_overflow_temple_binary,
          minmay_temple_entry_from_below_b, uniq_menkaure, uniq_grinder
D:5:      overflow_temple_1_default, nicolae_overflow_crystal_walls,
          first_bread, cheibrodos_gnoll_hut
D:7:      fiery_altar_vehumet, grunt_ogre_cave, st_stairs_12,
          fedhas_bush_and_centaur_altar, uniq_pikel, uniq_joseph
D:8:      overflow_temple_1_default, dpeg_lair_monsters, trog_ov_bears_minmay

Action                   |  1- 3 |  4- 6 |  7- 9 || total
-------------------------+-------+-------+-------++-------
Melee: Falchion          |    25 |   154 |    69 ||   248
Evoke: Wand              |       |     1 |     2 ||     3
  Use: Scroll            |     2 |     4 |     2 ||     8
       Potion            |     1 |     1 |     1 ||     3
 Stab: Paralysed         |     5 |       |     3 ||     8
       Sleeping          |       |     2 |     1 ||     3
       Petrifying        |       |     3 |       ||     3
       Petrified         |       |     1 |     1 ||     2
       Confused          |       |       |     1 ||     1
  Eat: Bread ration      |       |     1 |       ||     1
